Map: Port Aleksander LE

Players

Minatoeh (Minato) - Winner!

  • Race: Zerg Zerg
  • Spawn Location: 5:00

BuRning

  • Race: Terran Terran
  • League: Master
  • Spawn Location: 11:00

Event: 2019 WCS Spring

VOD

Have the link to the VOD?

Description

Time

  • Played on: May 17, 2019, 6:36 a.m.
  • Length: 13:03

All games in this series

Show
View Real Time Build Order
Export as new Build Order

Minatoeh Zerg - Winner!

Build Orders: Hatch First, Muta Ling Bane 

Get SALT Encoding   

  12  0:01  Drone  
  13  0:12  Overlord  
  13  0:18  Drone  
  14  0:31  Drone x2  
  16  0:49  Hatchery  
  15  0:52  Drone  
  15  0:56  Drone  
  17  0:59  Drone  
  18  1:11  Extractor  
  17  1:15  Spawning Pool  
  16  1:18  Drone  
  16  1:21  Drone  
  18  1:28  Drone  
  19  1:39  Drone  
  20  1:50  Drone  
  21  2:02  Queen x2, Zergling x4  
  27  2:19  Hatchery  
  27  2:20  Drone  
  27  2:22  Drone  
  28  2:27  Overlord  
  28  2:33  Metabolic Boost  
  28  2:38  Overlord  
  28  2:45  Overlord  
  28  2:57  Drone x5  
  33  3:04  Queen  
  35  3:06  Drone  
  35  3:09  Drone  
  37  3:13  Drone  
  37  3:15  Drone  
  37  3:16  Drone  
  40  3:23  Drone x2  
  42  3:29  Overlord  
  42  3:30  Overlord  
  42  3:33  Queen  
  44  3:36  Zergling x2  
  44  3:39  Drone  
  46  3:45  Queen  
  46  3:46  Zergling x2  
  46  3:47  Zergling x2  
  50  3:51  Zergling x4  
  50  3:52  Zergling x2  
  50  3:54  Zergling x2  
  54  3:56  Drone  
  54  3:57  Drone  
  54  4:01  Drone x2  
  58  4:05  Drone x2  
  60  4:19  Overlord x2  
  60  4:34  Spore Crawler  
  60  4:36  Spore Crawler, Queen  
  60  4:38  Lair  
  60  4:39  Drone x8  
  60  4:41  Spore Crawler  
  60  4:42  Spore Crawler  
  66  4:47  Drone x2  
  66  4:48  Drone x2  
  66  4:49  Drone  
  66  4:52  Drone  
  72  4:56  Drone x2  
  74  5:01  Overlord x2  
  74  5:04  Extractor  
  74  5:05  Extractor  
  74  5:06  Extractor x2  
  74  5:07  Extractor  
  69  5:16  Drone x3  
  69  5:18  Drone  
  69  5:19  Drone x6  
  78  5:27  Drone  
  79  5:32  Drone x3  
  82  5:38  Overseer  
  82  5:39  Spire  
  82  5:40  Zergling x2  
  82  5:41  Zergling x4  
  84  5:44  Drone  
  84  5:45  Drone x2  
  84  5:48  Evolution Chamber x2  
  84  5:49  Baneling Nest  
  84  5:53  Drone x2  
  84  5:54  Drone x2  
  84  5:55  Drone x2  
  84  5:56  Overlord  
  90  6:16  Hatchery, Zerg Melee Weapons Level 1, Zerg Ground Armor Level 1  
  89  6:21  Zergling x16  
  97  6:28  Overlord x3  
  97  6:33  Centrifical Hooks  
  97  6:35  Baneling x5  
  97  6:51  Zerg Flyer Weapons Level 1  
  97  6:54  Mutalisk x7  
  97  6:58  Zergling x10  
  97  7:00  Zergling x2  
  117  7:14  Overlord x3, Hatchery  
  116  7:26  Baneling x11  
  116  7:34  Zergling x10  
  116  7:35  Zergling x16  
  129  7:42  Mutalisk  
  129  7:43  Mutalisk x2  
  135  7:44  Mutalisk  
  135  7:48  Mutalisk x2  
  141  8:01  Baneling x4  
  141  8:03  Zergling x14  
  141  8:04  Zergling x6  
  151  8:14  Overlord x4  
  151  8:26  Zerg Ground Armor Level 2, Zerg Melee Weapons Level 2  
  149  8:33  Mutalisk x2  
  151  8:36  Zergling x16  
  137  8:53  Mutalisk x3  
  137  8:54  Mutalisk  
  131  8:57  Zergling x2  
  131  8:58  Zergling x16  
  137  9:07  Mutalisk x2  
  137  9:08  Drone x4  
  144  9:11  Drone x2  
  144  9:13  Drone  
  144  9:14  Drone  
  144  9:15  Drone  
  149  9:17  Drone  
  149  9:21  Zerg Flyer Weapons Level 2  
  150  9:33  Mutalisk x2  
  154  9:40  Mutalisk x2  
  158  9:47  Extractor x2, Drone x3  
  158  9:48  Drone x3  
  158  9:49  Zergling x18  
  171  9:58  Infestation Pit  
  170  10:11  Mutalisk x4  
  170  10:13  Baneling  
  170  10:14  Baneling  
  178  10:15  Zergling x8  
  178  10:16  Zergling x2  
  183  10:36  Hive  
  183  10:37  Mutalisk x3  
  183  10:38  Overlord x2  
  183  10:39  Overlord  
  187  10:49  Mutalisk x3  
  177  10:52  Baneling x3  
  183  10:58  Zergling x2  
  183  10:59  Zergling x30  
  183  11:00  Baneling x6  
  183  11:01  Baneling  
  183  11:02  Baneling  
  183  11:03  Baneling  
  199  11:10  Baneling  
  199  11:11  Baneling x5  
  199  11:13  Baneling x3  
  199  11:16  Hatchery  
  198  11:26  Baneling x11  
  198  11:37  Baneling  
  198  11:38  Baneling x9  
  195  12:02  Extractor  
  195  12:05  Extractor  
  185  12:23  Drone  
  185  12:24  Drone x5  
  185  12:26  Ultralisk Cavern  
  190  12:32  Zergling x50  
  190  12:34  Baneling x3  
  190  12:35  Hatchery  
  198  12:41  Baneling  
Show
View Real Time Build Order
Export as new Build Order

BuRning Terran 

Build Orders: Hellion Banshee 

Get SALT Encoding   

  12  0:00  SCV  
  13  0:12  SCV  
  14  0:18  Supply Depot  
  14  0:24  SCV  
  15  0:39  SCV  
  15  0:41  Barracks  
  16  0:51  SCV  
  17  1:03  SCV  
  18  1:16  Command Center  
  18  1:19  SCV  
  19  1:28  Marine  
  19  1:32  Orbital Command  
  20  1:37  Refinery  
  20  1:42  Refinery  
  20  1:46  Marine  
  21  1:53  Supply Depot  
  21  1:59  SCV  
  22  2:06  Marine  
  23  2:15  SCV  
  24  2:24  Factory  
  24  2:27  SCV  
  24  2:28  Orbital Command  
  25  2:34  Barracks Reactor  
  25  2:42  Bunker  
  25  2:44  SCV  
  26  2:54  SCV  
  26  2:56  SCV  
  28  3:06  SCV  
  28  3:08  SCV  
  30  3:14  Starport  
  30  3:18  SCV, Hellion x2  
  35  3:20  SCV  
  35  3:22  Barracks Tech Lab  
  36  3:30  SCV, Supply Depot  
  36  3:32  SCV  
  38  3:40  Hellion x2  
  42  3:43  SCV  
  42  3:44  SCV  
  44  3:54  Supply Depot  
  44  3:55  SCV  
  45  3:57  SCV  
  45  3:58  Banshee, Cloaking Field  
  45  4:00  Barracks Tech Lab  
  49  4:03  Hellion x2  
  49  4:08  SCV  
  54  4:16  SCV  
  55  4:21  Command Center  
  55  4:23  SCV  
  56  4:29  Stimpack  
  56  4:31  SCV  
  53  4:35  SCV  
  50  4:40  Factory Reactor, Supply Depot  
  50  4:43  SCV, Banshee  
  54  4:46  Marine  
  54  4:47  SCV, Barracks  
  56  4:55  SCV  
  56  4:59  SCV, Barracks  
  58  5:07  SCV, Engineering Bay  
  58  5:08  Engineering Bay, Marine  
  58  5:11  SCV  
  58  5:13  Refinery  
  61  5:15  Refinery  
  61  5:19  SCV  
  62  5:23  SCV  
  63  5:31  SCV  
  63  5:33  Orbital Command  
  63  5:35  Terran Infantry Weapons Level 1, SCV, Terran Infantry Armor Level 1  
  64  5:36  Starport Reactor  
  64  5:38  Marine x3  
  68  5:43  SCV  
  68  5:46  Siege Tank  
  68  5:48  SCV  
  73  5:53  Marine x2  
  73  5:55  SCV, Marine  
  73  5:56  Marine x2  
  79  6:00  SCV  
  80  6:05  Barracks  
  80  6:08  Orbital Command, Barracks  
  80  6:11  Marine x2  
  82  6:13  Medivac, Marine  
  82  6:17  Supply Depot  
  85  6:20  Supply Depot  
  85  6:21  Supply Depot  
  85  6:27  Supply Depot  
  85  6:31  Combat Shield  
  85  6:38  SCV x2, Medivac, Siege Tank, Marine  
  93  6:40  Marine  
  93  6:41  Marine x2  
  93  6:42  SCV  
  93  6:44  Marine  
  93  6:45  Medivac  
  99  6:50  SCV, Supply Depot  
  100  6:56  SCV x2, Marine  
  100  6:57  Barracks Reactor  
  100  6:58  Marine, Barracks Reactor  
  100  6:59  Marine  
  100  7:00  Armory  
  105  7:02  Marine x2  
  105  7:03  SCV  
  108  7:08  SCV x2  
  108  7:14  Siege Tank, Marine  
  108  7:15  SCV  
  115  7:16  Marine  
  115  7:17  Supply Depot, Marine  
  115  7:19  Marine  
  115  7:20  SCV, Marine  
  117  7:28  SCV  
  118  7:32  Marine  
  118  7:33  SCV  
  118  7:34  Refinery, Marine  
  118  7:35  Barracks, Marine  
  118  7:36  Marine x2  
  118  7:37  Barracks, Marine  
  124  7:39  Marine  
  124  7:43  Supply Depot  
  126  7:50  Terran Infantry Weapons Level 2, Terran Infantry Armor Level 2  
  126  7:57  Marine  
  126  7:58  Marine  
  124  8:03  Marine  
  124  8:04  Missile Turret x2, Marine  
  125  8:07  Marine  
  125  8:08  Marine x3  
  125  8:09  Thor  
  125  8:12  Marine  
  134  8:17  Marine x2  
  131  8:24  Marine x2  
  131  8:25  Marine  
  133  8:30  Missile Turret  
  133  8:37  Marine x3  
  102  8:56  Marine  
  102  8:57  SCV x2, Marine x2  
  102  8:59  SCV  
  102  9:00  Barracks Tech Lab  
  102  9:02  Marine  
  95  9:07  Factory  
  95  9:09  SCV  
  96  9:11  SCV x2  
  96  9:13  Barracks Reactor  
  96  9:17  Marine x4  
  98  9:18  Marauder, Concussive Shells, Marine  
  104  9:27  Marine  
  104  9:28  Marine  
  104  9:31  Marine  
  98  9:34  Marine x2  
  98  9:35  Marine  
  98  9:39  Marauder  
  98  9:42  SCV, Marine  
  96  9:45  SCV  
  96  9:46  SCV, Marine  
  96  9:47  Missile Turret, Marine x2  
  96  9:50  Marine  
  102  9:53  Factory Reactor  
  102  9:54  SCV, Drilling Claws  
  102  9:55  Thor  
  102  9:56  Marine x3  
  102  9:58  SCV  
  102  9:59  SCV, Marine  
  114  10:00  Marauder  
  114  10:04  Marine  
  114  10:06  Marine x2  
  120  10:08  Marine  
  120  10:10  Marauder, Marine x2  
  120  10:13  Supply Depot  
  120  10:14  Marine x2  
  125  10:19  SCV  
  125  10:20  Marine x2  
  130  10:21  Terran Infantry Weapons Level 3  
  130  10:22  Marauder, Terran Infantry Armor Level 3, Marine  
  133  10:33  Marine  
  133  10:34  Armory  
  135  10:35  Marauder  
  135  10:37  Barracks Reactor  
  133  10:43  Marine x3  
  133  10:44  Marauder, Siege Tank  
  133  10:48  Marine  
  141  10:53  Missile Turret  
  141  10:57  Supply Depot  
  141  11:00  Supply Depot  
  141  11:01  Marauder, Widow Mine, Marine x3  
  141  11:02  Supply Depot  
  148  11:04  Marine  
  149  11:15  Supply Depot  
  149  11:17  Refinery  
  149  11:18  Marine x4  
  149  11:19  Marauder, Widow Mine  
  149  11:22  Medivac x2  
  149  11:23  Marauder, Thor  
  166  11:30  Marine x5  
  150  11:39  Marine x2  
  142  11:40  Marauder  
  142  11:44  Marauder  
  142  11:46  Marine x3  
  148  11:53  Marine  
  144  11:55  Marine x3  
  144  11:56  Widow Mine  
  150  12:02  Marauder  
  150  12:03  Widow Mine  
  150  12:05  Marauder  
  149  12:23  Marauder  
  151  12:31  Marine x3  
  151  12:32  Marauder  
Tags
 
Add a new tag
Caveats
  • Supply blocks, unpowered buildings, or Contaminate may cause inaccurate times.
  • Supply counts are checked every 10 seconds.